 Dungeon Crawl Stone Soup version 0.31.0-9-g3a7656b989 (webtiles) character file.

Game seed: 13090837132205397601

124 RepoMan the Apothecary (level 4, -3/30 HPs)
             Began as a Mummy Alchemist on Jan 26, 2024.
             Killed by divine providence
             ... invoked by an orc priest
              (14 damage)
             ... on level 4 of the Dungeon.
             The game lasted 00:11:48 (2444 turns).

RepoMan the Apothecary (Mummy Alchemist)            Turns: 2444, Time: 00:11:49

Health: -3/30      AC:  2    Str: 11    XL:     4   Next: 81%
Magic:  3/8        EV: 12    Int: 16    God:
Gold:   109        SH:  0    Dex: 12    Spells: 2/8 levels left

rFire   x . .        h - +2 dagger (protect)
rCold   + . .        (no shield)
rNeg    + + +        a - +0 robe
rPois   ∞            (no helmet)
rElec   .            (no cloak)
rCorr   .            (no gloves)
SInv    +            (no boots)
Will    .....        (no amulet)
Stlth   ++           g - ring of see invisible
HPRegen 0.25/turn    (no ring)
MPRegen 0.11/turn

%: faith
@: about to teleport, very slightly contaminated
A: cold resistance 1, negative energy resistance 3, torment resistance 2, heat
vulnerability 1, in touch with death 1, no potions, faith
a: no special abilities


You were on level 4 of the Dungeon.
You visited 1 branch of the dungeon, and saw 4 of its levels.

You collected 109 gold pieces.

Inventory:

Hand Weapons
 h - a +2 dagger of protection (weapon)
Missiles
 d - 2 poisoned darts
 e - 33 stones
Armour
 a - a +0 robe (worn)
Jewellery
 g - a ring of see invisible (left hand)
Scrolls
 b - 3 scrolls of teleportation
 f - a scroll of fog {unknown}


   Skills:
 - Level 1.5 Dodging
 - Level 1.5 Stealth
 - Level 2.6 Spellcasting
 + Level 1.1 Conjurations
 + Level 0.0 Air Magic
 * Level 4.5 Alchemy


You had 2 spell levels left.
You knew the following spells:

 Your Spells              Type           Power      Damage    Failure   Level
m - Mephitic Cloud        Conj/Alch/Air  8%         N/A       26%         3
s - Sting                 Conj/Alch      44%        1d5       6%          1
v - Mercury Vapours       Alch/Air       18%        N/A       12%         2

Your spell library contained the following spells:

 Spells                   Type           Power      Damage    Failure   Level
 Olgreb's Toxic Radiance  Alch           16%        N/A       30%         4
 Sticky Flame             Fire/Alch      9%         2d5       58%         4


Dungeon Overview and Level Annotations

Branches:
Dungeon (4/15)
 Temple: D:4-7

Altars:


Innate Abilities, Weirdness & Mutations

You are immune to poison.
Your flesh is cold resistant. (rC+)
You are immune to negative energy. (rN+++)
You are immune to unholy pain and torment.
You are vulnerable to heat. (rF-)
You are in touch with the powers of death.
You do not drink.
You have a special connection with the divine. (Faith)


Message History

Casting: Sting (safe; 6% risk of failure)
Confirm with . or Enter, or press ? or * to list all spells.
Okay, then.
Unknown command.
Unknown command.
Unknown command.
Casting: Sting (safe; 6% risk of failure)
Confirm with . or Enter, or press ? or * to list all spells.
Aiming: Mercury Vapours (safe; 12% risk of failure)
Press: ? - help, Dir - move target, f - orc priest
Aim: an orc priest, wielding a +0 hand axe and wearing a +0 ring mail (chance to weaken: 94%)
You miscast Mercury Vapours.
You are very lightly contaminated with residual magic.
Nothing appears to happen.
The orc priest looks encouraged for a moment.
An orc comes into view.
It is wielding a +0 hand axe of freezing.
Okay, then.
Unknown command.
Unknown command.
Unknown command.
The sting hits the orc priest but does no damage.
The orc priest is poisoned.
The sting hits the orc priest but does no damage.
The orc priest looks even sicker.
You miscast Sting.
Nothing appears to happen.
The orc priest invokes the aid of Beogh against you.
Beogh smites you!
The sting hits the orc priest but does no damage.
The orc priest looks even sicker.
The orc priest is lightly wounded.
A giant cockroach comes into view.
The orc priest hits you with a +0 hand axe.
Okay, then.
Unknown command.
As you read the scroll labelled ETZOX MODGHINA, it crumbles to dust.
You feel strangely unstable.
It was a scroll of teleportation.
The orc priest hits you with a +0 hand axe.
The orc priest calls down the wrath of Beogh upon you.
Beogh smites you!
You die...

.. #####o...
#:..oo... #B#
#o# #o# #.
#.# #.##@##
#.##..#
#.###.##
#.##...#
#.##...####
#.........#
#...........
#.######....#
#....#.......


You could see an orc priest (very poisoned), an orc and a giant cockroach.

Vanquished Creatures
  2 adders (D:2)
  3 gnolls
  2 ribbon worms
  2 dart slugs (D:1)
  4 ball pythons
  3 endoplasms
  7 giant cockroaches
  4 goblins
  7 hobgoblins
  5 jackals
  7 kobolds
  5 quokkas
  4 bats
  A frilled lizard (D:3)
  3 rats
59 creatures vanquished.

Notes
Turn   | Place    | Note
-------+----------+-------------------------------------------
     0 | D:1      | RepoMan the Mummy Alchemist began the quest for the Orb.
     0 | D:1      | Reached XP level 1. HP: 13/13 MP: 4/4
   295 | D:1      | Reached skill level 1 in Conjurations
   400 | D:1      | Reached XP level 2. HP: 19/19 MP: 1/5
   487 | D:1      | Found a faded altar of an unknown god.
   590 | D:1      | Reached skill level 3 in Alchemy
   771 | D:1      | Reached XP level 3. HP: 24/24 MP: 4/7
  1251 | D:2      | Learned a level 2 spell: Mercury Vapours
  1390 | D:2      | Reached skill level 4 in Alchemy
  1390 | D:2      | Reached XP level 4. HP: 30/30 MP: 2/8
  2401 | D:3      | Learned a level 3 spell: Mephitic Cloud
  2444 | D:4      | Killed from afar by an orc priest

Illustrated notes

Levels and vault maps discovered:
D:1:      dpeg_arrival_water_fire, layout_rooms,
          hellmonk_ecumenical_altar_crossroads
D:2:      layout_basic, serial_glass, glass_columns_c, glass_columns_b,
          glass_columns_c, glass_columns_a, glass_columns_a, glass_columns_b
D:3:      layout_rooms
D:4:      layout_loops_ring, temple_pool_b, fountainhead,
          lexackson_kobold_supper, uniq_menkaure

Skill      XL: |  1  2  3 |
---------------+----------+-----
Conjurations   | 1 |  1.1
Alchemy        | 3 4 |  4.5
Dodging        | |  1.5
Stealth        | |  1.5
Spellcasting   | |  2.6

Action                     |  1- 3 |  4- 6 || total
---------------------------+-------+-------++-------
  Melee: Dagger            |    17 |     6 ||    23
   Cast: Sting             |    76 |    43 ||   119
         Mercury Vapours   |       |     5 ||     5
    Use: Scroll            |       |     1 ||     1
 Armour: Robe              |    10 |    10 ||    20
  Dodge: Dodged            |    25 |    11 ||    36
